AoeStats
← Jazzmushroom

Enclosed

506699684Analyzed
1v1 RM · 17d ago on Sep 14, 2026· 57m 26s· 2 players
Game mode
Random Map
Map size
Tiny (2 player)
Population
200
Speed
Normal
Resources
Standard
Victory
Conquest
Starting age
Dark Age
Ending age
Imperial Age
RankedLock teamsTeams togetherTeam positionsShared explorationLock speedFull tech treeHidden civsTurbo modeCheats
Victory
Defeat
🇳🇱 Vietnamese · Netherlands
1384
+17
🇺🇸 Vietnamese · United States
1400
-17
Barkbarktree
7:41 Loom
9:51 Feudal Age
12:49 Wheelbarrow
12:51 Double-Bit Axe
13:32 Fletching
15:01 Padded Archer Armor
16:04 Horse Collar
23:10 Castle Age
22:26 Gold Mining
23:45 Bodkin Arrow
23:12 Crossbowman
23:58 Thumb Ring
24:47 Leather Archer Armor
27:09 Bow Saw
29:40 Ballistics
29:41 Stone Mining
30:19 Town Watch
39:37 Treadmill Crane
42:39 Imperial Age
43:03 Hand Cart
43:23 Arbalester
44:04 Bracer
45:11 Chemistry
44:58 Siege Engineers
45:34 Ring Archer Armor
46:53 Paper Money
51:19 Two-Man Saw
52:37 Onager
52:57 Elite Rattan Archer
Jazzmushroom
7:29 Loom
9:31 Feudal Age
10:30 Double-Bit Axe
13:06 Fletching
15:06 Padded Archer Armor
14:50 Horse Collar
15:38 Gold Mining
21:44 Castle Age
22:39 Bow Saw
22:26 Bodkin Arrow
21:57 Crossbowman
23:42 Thumb Ring
25:08 Wheelbarrow
24:25 Elite Skirmisher
27:45 Town Watch
29:38 Leather Archer Armor
29:42 Stone Mining
44:29 Imperial Age
46:22 Two-Man Saw
46:49 Chemistry
46:20 Ballistics
52:05 Imperial Skirmisher
Connection lost

Rejoining the realm…

Still unreachable

The connection could not be restored.

Session expired

The server has moved on; the page needs a fresh start.